Map: Ever Dream LE

Players

antagomiR

  • Race: Protoss Protoss
  • League: Gold
  • Spawn Location: 1:00

KnoSyS - Winner!

  • Race: Terran Terran
  • League: Silver
  • Spawn Location: 7:00

VOD

Have the link to the VOD?

Description

Time

  • Played on: April 9, 2020, 12:35 a.m.
  • Length: 29:46
Show
View Real Time Build Order
Export as new Build Order

antagomiR Protoss 

Build Orders:  

Get SALT Encoding   

  12  0:01  Probe  
  13  0:13  Probe  
  14  0:19  Pylon  
  14  0:25  Probe  
  15  0:40  Gateway  
  15  0:43  Probe  
  16  0:55  Probe  
  17  1:02  Assimilator  
  17  1:07  Probe  
  18  1:19  Probe  
  19  1:30  Assimilator  
  19  1:31  Probe  
  20  1:33  Cybernetics Core  
  20  1:43  Probe  
  21  1:53  Pylon  
  21  1:55  Probe  
  22  2:03  Warp Gate (Chrono Boost)  
  22  2:07  Probe  
  23  2:11  Adept  
  25  2:20  Probe  
  25  2:22  Robotics Facility  
  26  2:26  Gateway  
  26  2:30  Gateway  
  26  2:32  Probe  
  27  2:41  Stalker (Chrono Boost)  
  28  2:49  Probe  
  29  3:01  Probe  
  30  3:12  Pylon  
  30  3:30  Immortal, Adept (Chrono Boost)  
  36  3:42  Nexus  
  36  3:45  Stalker  
  38  3:52  Pylon  
  38  3:58  Pylon  
  39  4:10  Observer  
  39  4:12  Sentry x2  
  43  4:26  Shield Battery  
  43  4:29  Sentry  
  43  4:58  Zealot x2  
  41  5:17  Probe  
  41  5:18  Probe  
  41  5:19  Immortal (Chrono Boost)  
  41  5:20  Stalker  
  49  5:28  Stalker  
  49  5:29  Probe, Stalker  
  49  5:30  Probe  
  55  5:51  Immortal  
  59  5:58  Sentry  
  61  6:04  Shield Battery, Sentry  
  61  6:06  Pylon  
  61  6:09  Assimilator  
  61  6:10  Assimilator  
  63  6:27  Sentry  
  63  6:30  Observer  
  66  6:36  Probe x2  
  68  6:48  Probe x2  
  68  6:52  Immortal  
  72  6:55  Stalker x2  
  72  6:59  Stalker  
  78  7:06  Probe  
  75  7:20  Forge  
  75  7:26  Twilight Council  
  75  7:28  Pylon  
  75  7:34  Observer  
  76  7:40  Stalker  
  78  7:47  Pylon  
  78  8:05  Templar Archives  
  78  8:23  Photon Cannon  
  78  8:28  Photon Cannon  
  78  8:29  Probe x2  
  78  8:34  Immortal  
  84  8:37  Sentry  
  84  8:38  Zealot  
  84  8:39  Zealot  
  84  8:41  Probe  
  85  9:12  High Templar  
  85  9:13  Immortal  
  88  9:18  Stalker  
  88  9:22  Stalker  
  84  10:06  Immortal  
  82  10:46  Immortal, Stalker x3  
  92  10:56  Nexus  
  92  11:01  Pylon  
  92  11:05  Protoss Ground Weapons Level 1 (Chrono Boost)  
  92  11:13  Probe x2  
  94  11:25  Probe x2, High Templar  
  96  11:27  Zealot  
  96  11:28  Zealot  
  96  11:30  Archon  
  102  11:39  Shield Battery  
  102  11:43  Assimilator  
  102  12:07  Probe x2  
  104  12:12  Immortal  
  108  12:16  High Templar x2  
  108  12:19  Probe  
  108  12:21  Archon  
  113  12:42  Gateway  
  113  12:47  Gateway  
  113  12:52  Zealot, Gateway  
  113  12:53  Zealot  
  113  12:57  Gateway  
  117  13:12  Protoss Ground Weapons Level 2 (Chrono Boost)  
  117  13:15  Pylon  
  117  13:17  Pylon  
  117  13:21  Pylon  
  117  13:33  Probe x3  
  120  13:42  Photon Cannon  
  120  14:06  Immortal  
  124  14:12  High Templar  
  124  14:13  High Templar x2  
  124  14:14  Assimilator  
  124  14:17  Archon  
  130  14:19  Zealot x2  
  130  14:20  Zealot x2  
  138  14:36  Probe x2  
  138  14:37  Probe  
  141  14:55  Pylon  
  141  15:00  Pylon  
  141  15:13  Probe x3  
  142  15:25  Probe x3  
  145  15:34  Phoenix  
  145  15:38  Probe x2  
  143  15:43  Warp Prism  
  145  16:22  Nexus  
  145  16:23  Pylon  
  144  16:42  Immortal  
  144  16:44  Phoenix  
  144  16:45  Zealot  
  150  16:49  Stalker  
  150  16:53  Protoss Ground Weapons Level 3  
  152  17:00  High Templar x5  
  162  17:04  Archon x2  
  162  17:30  Warp Prism  
  162  17:31  Assimilator  
  162  17:32  Assimilator  
  162  17:34  Shield Battery  
  164  17:38  Shield Battery, Photon Cannon  
  164  17:40  Pylon  
  164  17:41  Stalker x2  
  155  18:06  Immortal  
  155  18:22  Nexus  
  155  18:24  Pylon  
  155  18:32  High Templar  
  157  18:39  Phoenix  
  157  18:40  Pylon  
  157  18:42  Pylon  
  157  18:44  Pylon x2  
  157  18:48  Shield Battery  
  157  18:50  Shield Battery  
  157  18:54  Archon  
  157  19:16  High Templar x3  
  163  19:17  High Templar x4  
  163  19:20  Archon  
  163  19:21  Archon  
  163  19:22  Archon  
  171  19:59  Stalker  
  173  20:00  Stalker  
  173  20:04  High Templar  
  173  20:05  High Templar x4  
  182  20:12  Archon  
  182  20:13  Archon  
  182  20:17  Probe x3  
  183  20:25  High Templar x2  
  187  20:29  Probe x3, Archon  
  190  20:41  Probe x2  
  166  21:08  Zealot  
  166  21:09  Zealot x3  
  166  21:10  Zealot x3  
  162  21:33  Protoss Ground Armor Level 1  
  162  21:36  Charge  
  160  22:00  High Templar  
  160  22:01  High Templar x4  
  166  22:02  High Templar x2  
  166  22:05  Probe x3  
  177  22:14  Assimilator  
  177  22:15  Photon Cannon  
  177  22:17  Probe x3, Photon Cannon  
  180  22:27  Photon Cannon  
  180  22:29  Probe x3  
  183  22:30  Photon Cannon  
  183  22:31  Archon x3  
  183  22:32  Archon  
  183  22:33  Photon Cannon  
  183  22:36  Stalker x3  
  181  22:37  Stalker x2  
  181  22:41  Probe x3  
  186  22:53  Probe x3  
  186  22:54  Zealot x2  
  188  23:05  Probe x3  
  191  23:17  Probe x2  
  191  23:18  Probe, Pylon  
  194  23:27  High Templar x2  
  194  23:28  High Templar  
  194  23:31  Archon  
  194  23:32  Archon  
  181  24:14  Zealot  
  143  24:47  High Templar x4  
  143  24:48  High Templar  
  143  24:51  Archon x2  
  129  26:27  Forge  
  62  28:15  Photon Cannon  
  62  28:19  Photon Cannon  
  35  28:56  Gateway  
  35  28:58  Photon Cannon  
  35  28:59  Gateway  
  35  29:08  Gateway  
  35  29:15  Gateway  
Show
View Real Time Build Order
Export as new Build Order

KnoSyS Terran - Winner!

Build Orders:  

Get SALT Encoding   

  12  0:01  SCV  
  13  0:16  Supply Depot  
  13  0:17  SCV  
  14  0:32  SCV  
  15  0:40  Barracks  
  15  0:44  SCV  
  15  0:49  Refinery  
  16  0:56  SCV  
  17  1:10  Barracks  
  17  1:13  SCV  
  18  1:27  Orbital Command  
  18  1:35  Marine  
  19  1:51  Barracks  
  19  1:58  SCV  
  19  1:59  Supply Depot  
  20  2:04  Marine  
  21  2:15  SCV  
  22  2:21  Barracks  
  22  2:33  SCV  
  22  2:37  Supply Depot, Marine  
  23  2:40  Marine  
  23  2:43  Marine  
  26  2:47  SCV  
  27  2:58  Factory  
  27  3:00  Supply Depot  
  27  3:02  SCV  
  27  3:04  Refinery  
  28  3:07  Marine  
  28  3:11  Marine  
  28  3:12  Marine  
  31  3:16  SCV  
  32  3:33  SCV  
  33  3:38  Barracks Tech Lab  
  33  3:39  Barracks Reactor x3, Bunker  
  33  3:43  Factory Reactor  
  33  3:58  Marauder  
  33  3:59  Starport  
  33  4:00  SCV  
  36  4:04  Supply Depot  
  36  4:22  SCV, Bunker  
  37  4:27  Supply Depot  
  37  4:34  Engineering Bay  
  37  4:35  SCV, Engineering Bay  
  38  4:50  Marine x4, Factory Tech Lab  
  35  5:03  Marine  
  35  5:04  Marine x2  
  34  5:12  Liberator  
  37  5:17  SCV  
  38  5:22  Marauder  
  38  5:27  Terran Infantry Weapons Level 1  
  38  5:28  Terran Infantry Armor Level 1  
  40  5:35  Marine  
  40  5:36  Marine  
  40  5:37  Marine  
  40  5:40  SCV  
  44  5:55  SCV  
  45  6:04  Marauder  
  45  6:05  Marine x2  
  45  6:06  Marine  
  45  6:08  SCV  
  51  6:23  Command Center  
  51  6:26  Marauder  
  53  6:51  Marine x2  
  53  6:52  Marine x3  
  53  6:53  Marine  
  61  6:54  Marauder  
  61  7:03  Siege Tank  
  59  7:29  Liberator  
  62  7:34  Liberator  
  65  7:46  Supply Depot  
  65  7:48  Supply Depot  
  65  7:51  Supply Depot, Orbital Command  
  65  7:53  Supply Depot  
  65  8:10  Armory  
  65  8:15  Marine  
  65  8:16  Marine  
  65  8:17  Marine  
  65  8:18  Marauder  
  70  8:30  Siege Tank  
  70  8:32  Marine  
  74  8:50  Command Center  
  71  9:07  SCV x2  
  62  9:44  Marine x6  
  62  9:45  Marine  
  69  9:52  SCV x2  
  68  10:01  Marine, Terran Infantry Weapons Level 2  
  68  10:02  Terran Infantry Armor Level 2, Marine x2  
  68  10:04  SCV x2  
  73  10:07  Medivac x2  
  77  10:16  SCV, Siege Tank  
  49  11:00  Liberator x2  
  51  11:18  Command Center  
  51  11:19  Marine x2  
  51  11:20  Bunker, Marine x5  
  51  11:22  Bunker, Command Center  
  51  11:23  Bunker  
  58  11:30  Refinery  
  58  11:33  Refinery, Orbital Command  
  58  11:35  SCV  
  58  11:36  SCV  
  58  11:39  Marauder  
  62  11:43  Liberator  
  65  11:50  Command Center  
  65  12:00  Marauder  
  67  12:02  Siege Tank  
  70  12:10  Marine x2  
  70  12:13  SCV  
  70  12:14  SCV, Command Center  
  74  12:17  Neosteel Armor  
  74  12:21  Missile Turret  
  74  12:27  SCV x3  
  77  12:39  Planetary Fortress  
  77  12:43  Siege Tank  
  80  12:52  Missile Turret  
  80  12:54  Bunker  
  80  12:55  Marine x3  
  80  12:56  Bunker  
  80  12:57  Missile Turret  
  83  13:02  Planetary Fortress  
  83  13:10  Refinery  
  83  13:13  Refinery  
  83  13:20  Marine x3  
  83  13:21  Marine x2  
  83  13:26  Siege Tank  
  91  13:28  SCV  
  92  13:43  Planetary Fortress  
  92  14:06  Marine x4  
  92  14:07  Marine x3  
  99  14:12  SCV x5  
  104  14:24  SCV x2, Marine x2  
  105  14:29  Orbital Command  
  108  14:31  SCV x2  
  108  14:32  SCV  
  108  14:36  Terran Infantry Weapons Level 3  
  108  14:37  Terran Infantry Armor Level 3  
  111  15:01  Command Center  
  111  15:02  SCV x3  
  111  15:06  Command Center  
  114  15:08  Bunker  
  114  15:09  Bunker  
  112  15:26  Siege Tank  
  92  15:36  Terran Vehicle Weapons Level 1  
  92  15:40  Missile Turret  
  89  15:43  Missile Turret  
  89  15:48  Marine x4  
  89  15:49  Marine x3  
  96  15:58  Siege Tank  
  99  16:06  Marine x4  
  103  16:19  Planetary Fortress  
  103  16:20  Planetary Fortress  
  103  16:24  Liberator  
  106  16:31  Refinery  
  106  16:32  Refinery  
  103  16:40  Marine x4  
  103  16:41  Marine x3  
  103  16:43  Siege Tank  
  103  16:45  SCV x3  
  103  16:46  SCV x2  
  118  16:50  Command Center  
  117  16:58  Marine x4  
  117  16:59  Marine x2  
  123  17:14  Command Center  
  123  17:22  Siege Tank  
  126  17:31  Terran Vehicle And Ship Armor Level 1  
  126  17:34  Missile Turret  
  126  17:44  Marine x5  
  126  17:45  Marine x2  
  132  18:02  Stimpack, Marine x2  
  132  18:04  SCV  
  132  18:05  SCV x4  
  130  18:18  Planetary Fortress  
  124  18:25  Bunker  
  124  18:28  Bunker, Marine x3  
  124  18:30  Marine  
  124  18:32  Bunker  
  121  18:42  Marine x2  
  121  18:44  Marine  
  121  18:46  Marine x2  
  126  18:50  Orbital Command  
  126  18:53  SCV x4  
  126  18:54  SCV  
  131  19:04  Starport  
  131  19:05  Starport  
  128  19:17  Marine  
  128  19:18  Marine x5  
  128  19:19  Marine  
  128  19:22  Starport  
  134  19:25  Terran Ship Weapons Level 1  
  134  19:33  Starport  
  134  19:35  Marine x2  
  136  19:42  Combat Shield  
  136  19:45  Refinery x2  
  136  19:53  Starport Tech Lab x2  
  136  20:01  Marine x5  
  136  20:02  Marine x2  
  136  20:05  Fusion Core  
  143  20:07  Command Center  
  141  20:20  Marauder, Marine x3  
  141  20:21  Marine x3  
  145  20:38  Marine x3  
  145  20:41  Marauder  
  133  21:00  Marine x2  
  133  21:01  Marine x4  
  139  21:17  Starport Tech Lab x2  
  145  21:18  Battlecruiser x2  
  150  21:38  Marine x4  
  150  21:39  Marine x3  
  149  21:44  Medivac x2  
  153  21:50  Planetary Fortress  
  153  21:56  Marine x5  
  153  21:57  Bunker, Marine x2  
  153  22:00  Bunker  
  160  22:01  Bunker  
  160  22:06  Siege Tank  
  169  22:23  Battlecruiser x3  
  169  22:27  Marine x3  
  169  22:28  Marine x3  
  187  22:35  Terran Ship Weapons Level 2  
  187  22:38  Siege Tank  
  188  22:56  Battlecruiser  
  193  23:17  Marine  
  193  23:18  Marine x6  
  190  23:20  Medivac x2  
  200  23:27  Battlecruiser  
  200  23:34  Command Center  
  200  23:35  Marine  
  198  23:50  Medivac  
  183  24:53  Planetary Fortress  
  183  24:57  Missile Turret  
  183  25:19  Missile Turret  
  183  25:41  Bunker  
  153  28:08  Supply Depot  
  153  28:10  Supply Depot x3  
  153  28:11  Supply Depot x2  
  147  28:26  Supply Depot  
  147  28:40  Supply Depot  
  147  28:57  Command Center  
  147  29:05  Barracks  
  147  29:06  Barracks  
  147  29:07  Command Center  
  147  29:08  Command Center  
  147  29:10  Barracks  
  147  29:11  Barracks  
  147  29:12  Command Center  
  147  29:14  Barracks  
  147  29:16  Command Center  
Tags
 
Matchup
PvT
Replay Pack
20200422
Spawn Locations
Cross Positions
Add a new tag
Caveats
  • Supply blocks, unpowered buildings, or Contaminate may cause inaccurate times.
  • Supply counts are checked every 10 seconds.